 Dungeon Crawl Stone Soup version 0.27-a0-765-ge4d627daa3 (webtiles) character file.

Game seed: 17649577059899150385

26490 leviel the Cleaver (level 13, -2/105 HPs)
             Began as a Hill Orc Fighter on Mar 24, 2021.
             Was a High Priest of Okawaru.
             Slain by Rupert
             ... wielding a +0 executioner's axe of pain
              (29 damage)
             ... on level 13 of the Dungeon on Mar 25, 2021.
             The game lasted 01:20:55 (21858 turns).

leviel the Cleaver (Hill Orc Fighter)              Turns: 21858, Time: 01:20:56

Health: -2/105     AC: 15    Str: 24    XL:     13   Next: 26%
Magic:  0/16       EV: 16    Int:  6    God:    Okawaru [*****.]
Gold:   726        SH:  0    Dex: 16    Spells: 12/12 levels left

rFire    + . .     SeeInvis +   j - +2 executioner's axe (elec)
rCold    + + .     Faith    .   (shield currently unavailable)
rNeg     . . .     Spirit   +   v - +2 scale mail of Unambiguity {rC+ rCorr}
rPois    .         Reflect  .   (helmet restricted)
rElec    .         Harm     .   E - scarf {rC+ rF+}
rCorr    +         Rampage  .   h - +0 pair of gloves
Will     .....                  t - +0 pair of boots
Stlth    ++........             u - amulet of guardian spirit
HPRegen  0.27/turn              l - ring of see invisible
MPRegen  0.15/turn              a - +6 ring of dexterity

@: heroic
A: antennae 1, dopey 1, frail 1
a: Renounce Religion, Heroism, Finesse


You were on level 13 of the Dungeon.
You worshipped Okawaru.
Okawaru was extremely pleased with you.
You visited 2 branches of the dungeon, and saw 14 of its levels.

You collected 726 gold pieces.

Inventory:

Hand Weapons
 b - a +2 scimitar of flaming
 j - a +2 executioner's axe of electrocution (weapon)
 F - a +0 vorpal broad axe
Missiles
 c - 6 curare-tipped darts (quivered)
 g - 50 poisoned darts
Armour
 h - a +0 pair of gloves (worn)
 t - a +0 pair of boots (worn)
 v - the +2 scale mail of Unambiguity (worn) {rC+ rCorr}
   (You found it on level 5 of the Dungeon)

   It protects you from cold.
   It provides partial protection from all sources of acid and corrosion.
 E - a scarf of resistance (worn)
Jewellery
 a - a +6 ring of dexterity (left hand)
 d - a ring of resist corrosion
 f - a ring of ice
 k - a ring of flight
 l - a ring of see invisible (right hand)
 u - an amulet of guardian spirit (around neck)
Wands
 i - a wand of paralysis (9)
 o - a wand of digging (10)
 s - a wand of iceblast (18)
 w - a wand of charming (7)
 y - a wand of random effects (14)
 z - a wand of polymorph (8)
 H - a wand of flame (11)
Scrolls
 e - 5 scrolls of teleportation
 q - a scroll of blinking
 x - 3 scrolls of fear
 D - 6 scrolls of identify
Potions
 m - a potion of curing
 p - 3 potions of brilliance
 B - a potion of flight
 C - a potion of cancellation


   Skills:
 + Level 11.9(16.9) Fighting
 - Level 5.0(10.0) Long Blades
 + Level 13.6(18.6) Axes
 + Level 5.0(10.0) Throwing
 + Level 10.4(15.4) Armour
 + Level 5.4(10.4) Dodging
 - Level 1.3(6.3) Stealth
 - Level 9.1(14.1) Shields
 - Level 5.0 Invocations
 + Level 5.3 Evocations


You had 12 spell levels left.
You didn't know any spells.
Your spell library contained the following spells:

 Spells                   Type           Power      Damage    Failure   Level
 Animate Skeleton         Necr           0%         N/A       67%         1
 Apportation              Tloc           0%         N/A       67%         1
 Corona                   Hex            0%         N/A       67%         1
 Sandblast                Erth           0%         2d4       67%         1
 Summon Small Mammal      Summ           0%         N/A       67%         1
 Passwall                 Tmut/Erth      0%         N/A       80%         2
 Slow                     Hex            0%         N/A       80%         2
 Inner Flame              Hex/Fire       0%         N/A       95%         3
 Portal Projectile        Hex/Tloc       0%         N/A       95%         3
 Stone Arrow              Conj/Erth      0%         3d7       95%         3
 Animate Armour           Summ/Erth      0%         N/A       100%        4
 Cause Fear               Hex            0%         N/A       100%        4
 Iskenderun's Mystic Bla  Conj/Tloc      0%         2d3       100%        4
 Leda's Liquefaction      Hex/Erth       0%         N/A       100%        4
 Petrify                  Tmut/Erth      0%         N/A       100%        4
 Lee's Rapid Deconstruct  Erth           0%         3d5*      100%        5


Dungeon Overview and Level Annotations

Branches:
Dungeon (13/15)            Temple (0/1) D:4            Lair (0/6) D:11
    Orc (1/2) D:10         Vaults (0/5) D:13

Altars:
Ashenzari
Dithmenos
Gozag
Makhleb
Okawaru
Ru
Sif Muna
Uskayaw
Vehumet
Xom

Annotations:
D:13 Nessos, Rupert


Innate Abilities, Weirdness & Mutations

You have a pair of small antennae on your head.
You are dopey. (Int -2)
You are frail. (-10% HP)


Message History

Level annotation: Rupert
There is a stone staircase leading up, spattered with blood here.
Rupert yells loudly at you.
Nessos barely resists.
Nessos shoots an arrow.
The arrow hits Rupert!
The arrow burns Rupert.
Rupert is poisoned.
Nessos blinks!
An arrow appears from out of your range of vision.
The arrow hits Rupert!
The arrow burns Rupert.
An arrow appears from out of your range of vision.
The arrow hits Rupert!
The arrow burns Rupert.
Rupert looks as sick as possible!
Rupert roars madly and goes into a rage!
Rupert goes berserk!
An arrow appears from out of your range of vision.
The arrow hits Rupert.
The arrow burns Rupert.
Rupert looks as sick as possible!
You throw a curare-tipped dart. The curare-tipped dart hits Rupert.
Rupert looks as sick as possible!
Rupert convulses.
Rupert seems to slow down.
Rupert is heavily wounded.
An arrow appears from out of your range of vision.
Okawaru accepts your kill.
You feel a bit more experienced.
You barely miss Rupert.
Rupert is heavily wounded.
Rupert hits you with a +0 executioner's axe of pain!
Rupert closely misses you.
You are too injured to fight recklessly!
You feel much better.
Nessos blinks!
You hear a loud twanging sound.
An arrow appears from out of your range of vision.
The arrow hits Rupert!
The arrow burns Rupert.
Rupert looks as sick as possible!
Rupert hits you with a +0 executioner's axe of pain!!!
You writhe in agony.
* * * LOW HITPOINT WARNING * * *
You gain the combat prowess of a mighty hero.
Rupert hits you with a +0 executioner's axe of pain!!
You die...

###### #@...#
#@#### #(#####
#### #(....#
.....##.#.#.###
#...ยง.......#
#.#..##........
#..............
###..###......c


You could see Rupert (berserk, extremely poisoned, slow).

Vanquished Creatures
  Gastronok (Orc:1)
  Harold (D:11)
  Fannar (D:11)
  A hydra (D:11)
  Erica (D:8)
  A tengu warrior (D:12)
  2 centaur warriors
  2 two-headed ogres
  Nergalle (D:11)
  The ghost of bilbop the Cleaver, a novice HOMo of Beogh (D:8)
  A wizard (D:12)
  A harpy (D:11)
  2 ugly things
  A manticore (D:12)
  2 cyclopes
  A moth of wrath (D:8)
  Joseph (D:8)
  A gargoyle (D:12)
  A kobold demonologist (D:8)
  2 komodo dragons (D:11)
  2 trolls
  A hornet (D:8)
  20 yaks
  A wraith (D:9)
  15 humans
  A vampire (D:9)
  2 wyverns (D:11)
  A steam dragon (D:11)
  2 basilisks (D:12)
  2 acid dragons
  A soldier ant (D:8)
  2 water moccasins
  2 sky beasts
  4 ice beasts
  11 orc warriors
  A black bear (D:8)
  6 centaurs
  An ogre (D:6)
  A phantom (D:8)
  10 kobold brigands
  3 bullfrogs
  3 gnoll sergeants
  A wyvern zombie (D:8)
  2 scorpions
  6 killer bees
  13 wights
  2 electric eels
  3 howler monkeys
  A lava snake (D:9)
  3 centaur zombies
  A crimson imp (D:12)
  3 hounds
  10 orc priests
  A bullfrog skeleton (D:5)
  A centaur skeleton (D:6)
  11 orc wizards
  A worker ant (D:4)
  Terence (D:2)
  A killer bee zombie (D:8)
  A hound skeleton (D:4)
  A howler monkey zombie (D:10)
  14 adders
  26 gnolls
  2 white imps
  A worm (D:4)
  3 dart slugs
  47 orcs
  9 bats
  2 endoplasms (D:1)
  5 giant cockroaches
  8 goblins
  8 hobgoblins
  5 jackals (D:3)
  22 kobolds
  3 ball pythons
  2 frilled lizards
  7 rats
344 creatures vanquished.

Vanquished Creatures (collateral kills)
  Urug (D:13)
  A human (D:13)
2 creatures vanquished.

Vanquished Creatures (others)
  2 killer bees (D:11)
2 creatures vanquished.

Grand Total: 348 creatures vanquished

Notes
Turn   | Place    | Note
-------+----------+-------------------------------------------
     0 | D:1      | leviel the Hill Orc Fighter began the quest for the Orb.
     0 | D:1      | Reached XP level 1. HP: 19/19 MP: 1/1
   121 | D:1      | Reached XP level 2. HP: 27/27 MP: 2/2
   397 | D:1      | Reached skill level 3 in Axes
   397 | D:1      | Reached XP level 3. HP: 30/33 MP: 3/3
  1043 | D:2      | Reached XP level 4. HP: 25/41 MP: 4/4
  1169 | D:2      | Found a sacrificial altar of Ru.
  1464 | D:2      | Noticed a gnoll sergeant
  2027 | D:2      | Reached skill level 4 in Axes
  2027 | D:2      | Reached XP level 5. HP: 39/47 MP: 5/5
  2712 | D:3      | Found a burning altar of Makhleb.
  2801 | D:3      | Found a faded altar of an unknown god.
  2807 | D:3      | Noticed Terence
  3080 | D:3      | Reached skill level 5 in Fighting
  3502 | D:2      | Killed Terence
  3503 | D:2      | Reached XP level 6. HP: 32/56 MP: 6/6
  3709 | D:3      | Reached skill level 1 in Throwing
  3881 | D:3      | Found an iron altar of Okawaru.
  3928 | D:3      | Became a worshipper of Warmaster Okawaru
  4104 | D:4      | Reached skill level 5 in Axes
  4670 | D:4      | Found a staircase to the Ecumenical Temple.
  5128 | D:4      | Found a shimmering altar of Xom.
  5223 | D:4      | Reached XP level 7. HP: 53/61 MP: 7/7
  5662 | D:5      | Entered Level 5 of the Dungeon
  5719 | D:5      | Reached skill level 5 in Armour
  5771 | D:5      | Reached skill level 6 in Axes
  5771 | D:5      | Reached skill level 1 in Dodging
  5944 | D:5      | Found an opulent altar of Gozag.
  6008 | D:5      | Reached * piety under Okawaru
  6475 | D:5      | Identified the +2 scale mail of Unambiguity {rC+ rCorr}
  6639 | D:5      | Reached skill level 1 in Stealth
  6859 | D:5      | Reached skill level 5 in Shields
  6859 | D:5      | Reached XP level 8. HP: 53/70 MP: 8/8
  7377 | D:6      | Reached skill level 7 in Axes
  7437 | D:6      | Noticed a yak
  7437 | D:6      | Noticed a yak
  7437 | D:6      | Noticed a yak
  7437 | D:6      | Noticed a yak
  7437 | D:6      | Noticed a yak
  7437 | D:6      | Noticed a yak
  7450 | D:6      | Killed a yak
  7455 | D:6      | Killed a yak
  7498 | D:5      | Killed a yak
  7498 | D:5      | Reached ** piety under Okawaru
  7499 | D:5      | Reached skill level 8 in Axes
  7741 | D:5      | Killed a yak
  7742 | D:5      | Reached XP level 9. HP: 59/79 MP: 6/9
  8138 | D:6      | Found a shimmering blue altar of Sif Muna.
  8227 | D:6      | Reached skill level 9 in Axes
  8924 | D:6      | Noticed a troll
  8934 | D:6      | Killed a troll
  9148 | D:6      | Reached *** piety under Okawaru
  9551 | D:6      | Reached skill level 10 in Axes
 10301 | D:7      | Reached XP level 10. HP: 88/91 MP: 10/10
 10730 | D:7      | Found a broken altar of Ashenzari.
 11114 | D:8      | Found a transporter.
 11122 | D:8      | Noticed bilbop's ghost (novice HOMo)
 11123 | D:8      | Noticed a moth of wrath
 11187 | D:8      | Noticed Joseph
 11232 | D:8      | Gained mutation: You are dopey. (Int -2) [potion of
                  | mutation]
 11232 | D:8      | Gained mutation: You are frail. (-10% HP) [potion of
                  | mutation]
 11232 | D:8      | Gained mutation: You have a pair of small antennae on your
                  | head. [potion of mutation]
 11235 | D:8      | Killed Joseph
 11235 | D:8      | Reached **** piety under Okawaru
 12029 | D:8      | Found a shadowy altar of Dithmenos.
 12220 | D:8      | Paralysed by a hornet for 2 turns
 12230 | D:8      | Reached skill level 11 in Axes
 12501 | D:8      | Noticed Erica
 12509 | D:8      | Killed Erica
 12510 | D:8      | Reached skill level 10 in Fighting
 12726 | D:8      | Found a transporter.
 12803 | D:9      | Noticed a kobold demonologist
 13033 | D:8      | Killed a kobold demonologist
 13708 | D:9      | Reached ***** piety under Okawaru
 13878 | D:9      | Reached XP level 11. HP: 36/90 MP: 1/11
 14202 | D:9      | Noticed a two-headed ogre
 14268 | D:9      | Noticed a purple ugly thing
 14282 | D:9      | Killed a purple ugly thing
 14283 | D:9      | Reached skill level 12 in Axes
 14612 | D:9      | Noticed a cyclops
 14724 | D:9      | Found a radiant altar of Vehumet.
 15062 | D:9      | Reached skill level 1 in Invocations
 15223 | D:9      | Killed a cyclops
 15453 | D:9      | Killed a two-headed ogre
 15454 | D:9      | Reached skill level 1 in Evocations
 15618 | D:9      | Found a hide-covered altar of Uskayaw.
 15639 | D:10     | Entered Level 10 of the Dungeon
 15686 | D:10     | Found a staircase to the Orcish Mines.
 16703 | D:10     | Received a gift from Okawaru
 16910 | Orc:1    | Entered Level 1 of the Orcish Mines
 16910 | Orc:1    | Noticed Gastronok
 17295 | D:11     | Noticed a two-headed ogre
 17298 | D:11     | Killed a two-headed ogre
 17325 | D:11     | Noticed Sonja
 17538 | D:11     | Paralysed by Sonja for 4 turns
 17542 | D:11     | Noticed Sonja
 17542 | D:11     | Sonja changed into Sonja the harpy
 17554 | D:11     | Killed Sonja the harpy
 17835 | D:11     | Noticed a five-headed hydra
 17847 | D:11     | Killed a ten-headed hydra
 17847 | D:11     | Identified the +0 ring mail of the Thistle {Dex+3} (Okawaru
                  | gifted it to you on level 11 of the Dungeon)
 17847 | D:11     | Received a gift from Okawaru
 17848 | D:11     | Noticed Harold
 17972 | D:11     | Killed Harold
 18026 | D:11     | Noticed Nergalle
 18036 | D:11     | Killed Nergalle
 18037 | D:11     | Reached XP level 12. HP: 99/99 MP: 14/14
 18200 | D:11     | Noticed Fannar
 18203 | D:11     | Noticed a seven-headed hydra
 18746 | D:8      | Killed bilbop's ghost
 18911 | D:11     | Killed Fannar
 19218 | D:11     | Reached skill level 1 in Long Blades
 19339 | D:11     | Reached skill level 13 in Axes
 19504 | D:11     | Found a staircase to the Lair.
 19806 | D:12     | Reached skill level 5 in Invocations
 20005 | D:12     | Reached skill level 10 in Armour
 20568 | D:12     | Noticed a tengu warrior
 20580 | D:12     | Killed a tengu warrior
 20580 | D:12     | Received a gift from Okawaru
 20753 | D:12     | Identified the Volume of Dusty Translocation
 20823 | D:13     | Found a gate to the Vaults.
 20823 | D:13     | Noticed a centaur warrior
 20823 | D:13     | Noticed Urug
 20823 | D:13     | Noticed Rupert
 20823 | D:13     | Noticed Nessos
 20936 | Orc:1    | Killed Gastronok
 20937 | Orc:1    | Reached skill level 5 in Dodging
 20937 | Orc:1    | Reached XP level 13. HP: 78/105 MP: 6/16
 21336 | D:12     | Reached skill level 5 in Evocations
 21353 | D:12     | Reached skill level 5 in Long Blades
 21539 | D:13     | Received a gift from Okawaru
 21840 | D:13     | Killed Urug
 21841 | D:13     | Reached skill level 5 in Throwing
 21858 | D:13     | Slain by Rupert

Illustrated notes

Levels and vault maps discovered:
D:1:      dpeg_arrival_yet_another_circle, layout_basic
D:2:      layout_basic, general_overflow_altar
D:3:      layout_basic, lemuel_doored_altar, chequers_ecumenical_altar_twisty,
          okawaru_trees_2, uniq_terence
D:4:      layout_loops_cross, tgw_xom, minmay_temple_entry_overgrown,
          cheibrodos_sewer_entry_bend
D:5:      layout_basic, nicolae_gozag_cash_rules_everything_around_me,
          minmay_fountain_box, kennysheep_generic_room_6
D:6:      layout_basic, nicolae_sif_muna_little_library, minivault_27,
          lightli_minifort
D:7:      layout_basic, nicolae_overflow_hidden_temple
D:8:      layout_loops_ring, grunt_dithmenos_shadows,
          gammafunk_ghost_berserking_beasts, minmay_sticks_and_stones,
          uniq_erica
D:9:      layout_basic, nicolae_uskayaw_suspiria, special_room
          [special_room_kobold], basic_altar
D:10:     lemuel_ice_spiral_2, layout_basic, orc_0_dummy, hangedman_decor_push,
          nicolae_wand_duel
D:11:     layout_irregular_city, erik_lair_dragon,
          chequers_serial_rivers_room_a, hangedman_decor_points, uniq_fannar,
          uniq_nergalle, uniq_sonja, uniq_harold
D:12:     layout_rooms, lightli_wizard_tower
D:13:     layout_basic, david_vaults_3, serial_shops, nicolae_shop_crystal
Orc:1:    layout_caves, gammafunk_ghost_grave, serial_shops, shop,
          uniq_gastronok

Skill      XL: |  1  2  3  4  5  6  7  8  9 10 11 12 13 |
---------------+----------------------------------------+-----
Fighting       | 4 5 6 7 9 10 11 | 11.9
Axes           | 3 4 5 6 8 10 11 12 13 | 13.6
Shields        | 4 5 6 7 8 9 |  9.1
Armour         | 4 5 6 7 8 9 10 | 10.4
Throwing       | 1 3 4 5 |  5.0
Dodging        | 1 2 3 4 5 |  5.4
Stealth        | 1 |  1.3
Invocations    | 3 5 |  5.0
Evocations     | 3 4 5 |  5.3
Long Blades    | 4 5 |  5.0

Action                   |  1- 3 |  4- 6 |  7- 9 | 10-12 | 13-15 || total
-------------------------+-------+-------+-------+-------+-------++-------
Melee: War axe           |    94 |   262 |   312 |   134 |       ||   802
       Unarmed           |       |    13 |       |       |       ||    13
       Broad axe         |       |       |       |   465 |       ||   465
       Executioner's axe |       |       |       |     9 |    83 ||    92
Throw: Dart              |       |    33 |     8 |   104 |     1 ||   146
Invok: Heroism           |       |       |     3 |    14 |     1 ||    18
       Finesse           |       |       |       |     7 |       ||     7
Evoke: Wand              |       |       |       |     6 |     2 ||     8
  Use: Scroll            |       |     2 |     2 |    18 |       ||    22
       Potion            |       |     4 |     4 |    12 |     1 ||    21
Armor: Scale mail        |    52 |   168 |   144 |   206 |    51 ||   621
Dodge: Dodged            |    40 |    90 |   112 |   262 |    69 ||   573
Block: Kite shield       |    50 |   170 |   180 |   442 |       ||   842

Table legend: (Time is in decaauts)
 A = Elapsed time spent in this place.
 B = Non-inter-level travel time spent in this place.
 C = Inter-level travel time spent in this place.
 D = Time resting spent in this place.
 E = Time spent auto-exploring this place.
 F = Levels seen in this place.
 G = Mean time per level.
                   A        B        C        D        E       F      G
               +--------+--------+--------+--------+--------+-----+--------+
         Total |  22198 |  21657 |    541 |   8439 |   9070 |  14 | 1585.6 |
       Dungeon |  22172 |  21631 |    541 |   8439 |   9070 |  13 | 1705.5 |
  Orcish Mines |     26 |     26 |      0 |      0 |      0 |   1 |   26.0 |
               +--------+--------+--------+--------+--------+-----+--------+

Top non-repeatable levels by time:
     D:8: 2986 daAuts
     D:9: 2506 daAuts
     D:6: 2401 daAuts
     D:5: 2100 daAuts
    D:11: 2029 daAuts
     D:3: 1846 daAuts
     D:2: 1784 daAuts
    D:10: 1692 daAuts
    D:12: 1596 daAuts
     D:4: 1132 daAuts
     D:1: 1062 daAuts
     D:7: 904 daAuts
    D:13: 130 daAuts
   Orc:1: 26 daAuts
